 Dungeon Crawl Stone Soup version 0.28-a0-1613-gdaab1c2f9b (webtiles) character file.

Game seed: 664967654605365333

6516 hashsling the Frost Mage (level 11, 0/79 HPs)
             Began as a Merfolk Ice Elementalist on Jan 21, 2022.
             Was a Priest of Qazlal.
             Slain by a seven-headed hydra (10 damage)
             ... on level 10 of the Dungeon.
             The game lasted 00:47:54 (10083 turns).

hashsling the Frost Mage (MfIE)                    Turns: 10083, Time: 00:47:55

Health: 0/79       AC: 14    Str:  8    XL:     11   Next: 0%
Magic:  26/30      EV: 16    Int: 20    God:    Qazlal [***...]
Gold:   1184       SH:  4    Dex: 14    Spells: 12/23 levels left

rFire   . . .      SeeInvis .   w - +1 dire flail (protect)
rCold   . . .      Faith    .   (shield currently unavailable)
rNeg    . . .      Spirit   .   a - +0 robe
rPois   .          Reflect  .   (no helmet)
rElec   .          Harm     .   (no cloak)
rCorr   .          Rampage  .   b - +2 pair of gloves
Will    .....                   (no boots)
Stlth   ++........              j - amulet of magic regeneration
HPRegen 0.23/turn               h - ring of magical power
MPRegen 0.62/turn               I - ring of wizardry

@: ice-armoured, freezing walls
A: (nimble swimmer 2), mertail
a: Renounce Religion, Upheaval, Elemental Force


You were on level 10 of the Dungeon.
You worshipped Qazlal.
Qazlal was most pleased with you.
You visited 1 branch of the dungeon, and saw 10 of its levels.
You also visited: Bailey.

You collected 1184 gold pieces.

Inventory:

Hand Weapons
 w - a +1 dire flail of protection (weapon)
 E - a +4 vampiric halberd
Missiles
 c - 8 atropa-tipped darts
 i - 13 poisoned darts
 q - 9 boomerangs
Armour
 a - a +0 robe (worn)
 b - a +2 pair of gloves (worn)
 J - a +0 buckler
Magical Staves
 m - a staff of conjuration
Jewellery
 h - a ring of magical power (left hand)
 j - an amulet of magic regeneration (around neck)
 I - a ring of wizardry (right hand)
Wands
 z - a wand of paralysis (10)
 F - a wand of charming (5)
 G - a wand of acid (11)
 H - a wand of flame (14)
Scrolls
 d - 8 scrolls of teleportation {unknown}
 e - a scroll of enchant weapon {unknown}
 f - 2 scrolls of identify {unknown}
 g - 3 scrolls of fear
 k - 3 scrolls of vulnerability
 p - a scroll of holy word {unknown}
 t - 4 scrolls of enchant armour {unknown}
 u - a scroll of brand weapon {unknown}
 v - 2 scrolls of silence {unknown}
 y - a scroll of immolation {unknown}
 B - a scroll of blinking {unknown}
 D - 2 scrolls of magic mapping {unknown}
 L - a scroll of fog {unknown}
Potions
 l - a potion of invisibility {unknown}
 n - 4 potions of heal wounds {unknown}
 o - a potion of might {unknown}
 s - 4 potions of haste
 x - a potion of cancellation {unknown}
 A - a potion of degeneration {unknown}
 C - 5 potions of curing {unknown}
 K - a potion of mutation {unknown}
Miscellaneous
 r - a phantom mirror


   Skills:
 - Level 5.0 Fighting
 * Level 9.0 Polearms
 + Level 9.9 Dodging
 - Level 3.0 Stealth
 + Level 6.6 Spellcasting
 + Level 3.1 Conjurations
 - Level 11.0 Ice Magic


You had 12 spell levels left.
You knew the following spells:

 Your Spells              Type           Power      Damage    Failure   Level
a - Freeze                Ice            100%       1d11      1%          1
b - Frozen Ramparts       Ice            100%       1d12      1%          3
c - Ozocubu's Armour      Ice            50%        N/A       1%          3
d - Hailstorm             Conj/Ice       34%        3d9       2%          4

Your spell library contained the following spells:

 Spells                   Type           Power      Damage    Failure   Level
 Animate Skeleton         Necr           12%        N/A       4%          1
 Apportation              Tloc           12%        N/A       4%          1
 Summon Small Mammal      Summ           24%        N/A       4%          1
 Gell's Gravitas          Tloc           6%         N/A       12%         3
 Teleport Other           Tloc           6%         N/A       12%         3
 Freezing Cloud           Conj/Ice/Air   12%        6-21      16%         5
 Iskenderun's Battlesphe  Conj           19%        2d7       28%         5
 Fireball                 Conj/Fire      6%         3d5       47%         5
 Simulacrum               Ice/Necr       14%        N/A       50%         6
 Conjure Ball Lightning   Conj/Air       6%         3x3d6     95%         6
 Dispersal                Tloc           3%         N/A       99%         6
 Orb of Destruction       Conj           9%         9d6       100%        7
 Polar Vortex             Ice            25%        N/A       100%        9


Dungeon Overview and Level Annotations

Branches:
Dungeon (10/15)            Bailey (visited)
 Temple: D:4-7         Lair: D:8-11         Orc: D:9-12

Altars:
Cheibriados
Elyvilon
Fedhas
Gozag
Hepliaklqana
Kikubaaqudgha
Makhleb
Nemelex Xobeh
Qazlal
Trog
Uskayaw
The Shining One

Shops:
D:8 !

Annotations:
D:7 3 runed translucent doors


Innate Abilities, Weirdness & Mutations

((You are very nimble when in or above water. (Stealth+, EV+, Speed+++)))
Your lower body shifts to a powerful aquatic tail in water.


Message History

The seven-headed hydra barely misses you.
The seven-headed hydra bites you but does no damage.
You puncture the seven-headed hydra!
Your weapon exudes an aura of protection.
The seven-headed hydra is heavily wounded.
Aiming: Freeze (safe; 1% risk of failure)
Press: ? - help, Q - select action, (/) - cycle Shift-Dir - straight line, f/p - seven-headed hydra
Aim: a seven-headed hydra (heavily wounded, slow)
You freeze the seven-headed hydra!
The seven-headed hydra is heavily wounded.
The wall freezes the seven-headed hydra!
The seven-headed hydra seems to slow down.
You block the seven-headed hydra's attack.
The seven-headed hydra bites you! x3
The seven-headed hydra bites you but does no damage.
The seven-headed hydra barely misses you.
The seven-headed hydra misses you.
Aiming: Freeze (safe; 1% risk of failure)
Press: ? - help, Q - select action, (/) - cycle Shift-Dir - straight line, f/p - seven-headed hydra
Aim: a seven-headed hydra (severely wounded, slow)
You freeze the seven-headed hydra!
The seven-headed hydra is almost dead.
Unknown command.
Aiming: Freeze (safe; 1% risk of failure)
Press: ? - help, Q - select action, (/) - cycle Shift-Dir - straight line, f/p - seven-headed hydra
Aim: a seven-headed hydra (almost dead, slow)
You freeze the seven-headed hydra!
The seven-headed hydra is almost dead.
The seven-headed hydra seems to slow down.
The wall freezes the seven-headed hydra.
The seven-headed hydra closely misses you.
The seven-headed hydra completely misses you.
You block the seven-headed hydra's attack.
The seven-headed hydra bites you.
* * * LOW HITPOINT WARNING * * *
The seven-headed hydra bites you but does no damage.
The seven-headed hydra bites you!
* * * LOW HITPOINT WARNING * * *
The seven-headed hydra bites you!
You die...

#.....#.#.# ##.##
#..##.#.#.# #.#
#.........# #.#
#####.##### #+##
#.# #...# ##.#
#..... ##..#
#......
#####...####.......
#.........@D.......
#.###....###.......
##...# #......
.....# #.....
#.###.# #...# #.
#.# #+## . ..# ##
###


You could see a seven-headed hydra (slow).

Vanquished Creatures
  A manticore (D:9)
  Joseph (D:9)
  A kobold demonologist (D:9)
  The ghost of hashsling the Magician, a novice DECj (D:5)
  A hornet (D:9)
  A shadow (D:9)
  A wyvern (D:8)
  Eustachio (D:5)
  7 yaks (D:9)
  A steam dragon (D:9)
  Edmund (D:5)
  An acid dragon (D:10)
  7 orc warriors
  A hornet zombie (D:7)
  A sky beast (D:7)
  3 ogres
  2 centaurs
  A phantom (D:6)
  4 kobold brigands (Bailey)
  3 scorpions
  A gnoll sergeant (D:8)
  2 jellies
  9 killer bees
  2 howler monkeys
  3 centaur zombies
  A hound (D:5)
  A gnoll shaman (D:8)
  2 orc priests
  2 bullfrog skeletons
  4 iguanas
  4 orc wizards
  Ijyb (D:5)
  A hound skeleton (D:4)
  Robin (D:2)
  23 gnolls
  8 adders
  3 shadow imps
  2 ufetubi
  3 worms
  23 orcs
  4 bats
  6 endoplasms
  A giant cockroach (D:3)
  15 goblins
  11 hobgoblins
  11 jackals
  10 kobolds
  4 quokkas
  8 ball pythons
  2 frilled lizards
  2 rats (D:1)
  A spectral goblin (D:9)
211 creatures vanquished.

Vanquished Creatures (others)
  3 fungi (D:1)
  10 plants
  3 toadstools (D:5)
16 creatures vanquished.

Grand Total: 227 creatures vanquished

Notes
Turn   | Place    | Note
-------+----------+-------------------------------------------
     0 | D:1      | hashsling the Merfolk Ice Elementalist began the quest for
                  | the Orb.
     0 | D:1      | Reached XP level 1. HP: 13/13 MP: 3/3
   407 | D:1      | Found a faded altar of an unknown god.
   450 | D:1      | Reached XP level 2. HP: 8/19 MP: 0/5
  1273 | D:2      | Reached XP level 3. HP: 24/24 MP: 6/6
  1326 | D:2      | Learned a level 3 spell: Frozen Ramparts
  1723 | D:2      | Noticed Robin
  1728 | D:2      | Reached skill level 5 in Ice Magic
  1728 | D:2      | Reached XP level 4. HP: 30/30 MP: 8/8
  1736 | D:2      | Killed Robin
  1740 | D:2      | Reached XP level 5. HP: 18/35 MP: 9/9
  1749 | D:2      | Learned a level 3 spell: Ozocubu's Armour
  2016 | D:2      | Found a bloodstained altar of Trog.
  2427 | D:3      | Reached skill level 1 in Fighting
  2932 | D:3      | Reached XP level 6. HP: 44/44 MP: 10/10
  3016 | D:3      | Found a stormy altar of Qazlal.
  3272 | D:3      | Found a blossoming altar of Fedhas.
  3275 | D:3      | Found an ancient bone altar of Kikubaaqudgha.
  3626 | D:3      | Became a worshipper of Qazlal Stormbringer
  3905 | D:4      | Reached skill level 5 in Dodging
  4177 | D:4      | Found an opulent altar of Gozag.
  4177 | D:4      | Found a white marble altar of Elyvilon.
  4178 | D:4      | Found a glowing golden altar of the Shining One.
  4361 | D:5      | Entered Level 5 of the Dungeon
  4371 | D:5      | Reached skill level 6 in Ice Magic
  4487 | D:5      | Noticed Edmund
  4504 | D:5      | Killed Edmund
  4505 | D:5      | Reached skill level 1 in Conjurations
  4505 | D:5      | Reached XP level 7. HP: 35/52 MP: 8/11
  4664 | D:5      | Reached * piety under Qazlal
  4745 | D:5      | Found a runed translucent door.
  4751 | D:5      | Noticed hashsling's ghost (novice DECj)
  4847 | D:5      | Noticed Eustachio
  4875 | D:5      | Killed Eustachio
  4876 | D:5      | Reached XP level 8. HP: 29/61 MP: 13/13
  5129 | D:5      | Reached skill level 7 in Ice Magic
  5174 | D:5      | Noticed Ijyb
  5183 | D:5      | Paralysed by Ijyb for 3 turns
  5185 | D:5      | Killed Ijyb
  5378 | D:5      | Learned a level 4 spell: Hailstorm
  5834 | D:5      | Killed hashsling's ghost
  5835 | D:5      | Reached skill level 5 in Fighting
  6056 | D:6      | Reached skill level 8 in Ice Magic
  6450 | D:6      | Reached XP level 9. HP: 63/68 MP: 15/15
  7094 | D:7      | Reached skill level 9 in Ice Magic
  7148 | D:7      | Reached skill level 5 in Spellcasting
  7307 | D:7      | Found a runed translucent gate.
  7307 | D:7      | Found a runed translucent gate.
  7307 | D:7      | Found a runed translucent gate.
  7325 | D:7      | Found a snail-covered altar of Cheibriados.
  7327 | D:7      | You fall into a shaft and drop 1 floor!
  7337 | D:8      | Found a sparkling altar of Nemelex Xobeh.
  7340 | D:8      | Reached ** piety under Qazlal
  7627 | D:8      | Found Agoudow's Distillery.
  7645 | D:8      | Reached skill level 1 in Polearms
  7701 | D:8      | Reached skill level 10 in Ice Magic
  7752 | D:8      | Found a burning altar of Makhleb.
  8000 | D:8      | Found a hide-covered altar of Uskayaw.
  8113 | D:9      | Reached XP level 10. HP: 67/74 MP: 18/18
  8114 | D:9      | Reached skill level 5 in Polearms
  8458 | D:9      | Noticed a kobold demonologist
  8462 | D:9      | Killed a kobold demonologist
  8540 | D:9      | Found a flagged portal.
  8549 | Bailey   | Entered a bailey
  8588 | Bailey   | Reached *** piety under Qazlal
  8783 | Bailey   | Found an iron altar of Okawaru.
  8884 | D:9      | Reached skill level 11 in Ice Magic
  9040 | D:9      | Noticed a manticore
  9046 | D:9      | Killed a manticore
  9462 | D:9      | Paralysed by a hornet for 2 turns
  9883 | D:9      | Noticed Joseph
  9890 | D:9      | Killed Joseph
  9933 | D:9      | Found a hazy altar of Hepliaklqana.
 10020 | D:10     | Entered Level 10 of the Dungeon
 10035 | D:10     | Reached XP level 11. HP: 79/79 MP: 21/21
 10069 | D:10     | Noticed a six-headed hydra
 10083 | D:10     | Slain by a seven-headed hydra

Illustrated notes

Levels and vault maps discovered:
D:1:      dpeg_arrival_tiny_i, layout_loops_ring,
          dreamdust_ecumenical_altar_grove
D:2:      layout_loops_ring, basic_altar, grunt_ministairs_3,
          minmay_pentomino_t2, uniq_robin
D:3:      layout_loops_ring, grunt_temple_overflow_growth_and_decay,
          general_overflow_altar, serial_forest, infiniplex_forest_end_2,
          infiniplex_forest_lined_2, infiniplex_forest_3_way,
          infiniplex_forest_lined_room_, infiniplex_forest_end_2,
          infiniplex_forest_clump_C, infiniplex_forest_lined_room_, wad_orctagon
D:4:      layout_rooms, gammafunk_temple_overflow_claw, minmay_misc_feat_cross,
          chequers_decorated_corner, lemuel_another_geyser
D:5:      nicolae_cairo_tiling_large_dashed, layout_gridville,
          ebering_ghost_reflecting_pool, amcnicky_mini_pool_small,
          grunt_ministairs_15, minmay_gold_behind_fungi, hangedman_decor_points,
          uniq_edmund, uniq_ijyb, uniq_eustachio
D:6:      layout_layer_cave
D:7:      layout_loops_ring, slow_altar_1, minmay_temple_entry_glass,
          biasface_ghost_orc_armoury
D:8:      layout_basic, mainiacjoe_overflow_24_doors, kennysheep_mini_moat,
          nemelex_xobeh_ov_fountains_minmay, serial_shops,
          nicolae_lakefront_shop, kennysheep_generic_room_10
D:9:      layout_roguey, nicolae_hepliaklqana_monster_ancestors, serial_curves,
          eino_curves_04, eino_curves_01, enter_bailey_2, uniq_joseph
D:10:     layout_loops_corners, lair_entry_dummy, david_orc_5

Skill      XL: |  1  2  3  4  5  6  7  8  9 10 |
---------------+-------------------------------+-----
Dodging        | 3 4 5 7 8 9 |  9.9
Stealth        | 3 |  3.0
Ice Magic      | 5 6 8 10 11 | 11.0
Spellcasting   | 3 4 5 6 |  6.6
Fighting       | 2 3 4 5 |  5.0
Conjurations   | 1 2 3 |  3.1
Polearms       | 4 9 |  9.0

Action                   |  1- 3 |  4- 6 |  7- 9 | 10-12 || total
-------------------------+-------+-------+-------+-------++-------
Melee: Dagger            |    47 |       |       |       ||    47
       Unarmed           |     1 |       |       |       ||     1
       Hand axe          |    25 |    83 |       |       ||   108
       Punch             |     1 |     2 |       |       ||     3
       Dire flail        |       |       |   131 |     1 ||   132
       Halberd           |       |       |    21 |    80 ||   101
       Tailslap          |       |       |       |     1 ||     1
 Cast: Freeze            |    18 |    36 |    40 |    11 ||   105
       Frozen Ramparts   |     2 |    10 |    28 |    15 ||    55
       Ozocubu's Armour  |       |     9 |    33 |    16 ||    58
Evoke: Wand              |       |       |       |     2 ||     2
  Use: Scroll            |     2 |       |       |     1 ||     3
 Stab: Sleeping          |     4 |     5 |       |       ||     9
Armor: Robe              |    16 |    38 |   118 |    27 ||   199
Dodge: Dodged            |    59 |    86 |   176 |    88 ||   409
Block: Other             |       |       |     8 |    13 ||    21

Table legend: (Time is in decaauts)
 A = Elapsed time spent in this place.
 B = Non-inter-level travel time spent in this place.
 C = Inter-level travel time spent in this place.
 D = Time resting spent in this place.
 E = Time spent auto-exploring this place.
 F = Levels seen in this place.
 G = Mean time per level.
                   A        B        C        D        E       F      G
               +--------+--------+--------+--------+--------+-----+--------+
         Total |  10152 |   9849 |    303 |     90 |   8080 |  11 |  922.9 |
       Dungeon |   9843 |   9540 |    303 |     90 |   7891 |  10 |  984.3 |
        Bailey |    308 |    308 |      0 |      0 |    189 |   1 |  308.0 |
               +--------+--------+--------+--------+--------+-----+--------+

Top non-repeatable levels by time:
     D:5: 1648 daAuts
     D:9: 1626 daAuts
     D:3: 1298 daAuts
     D:2: 1209 daAuts
     D:1: 1176 daAuts
     D:6: 1099 daAuts
     D:8: 772 daAuts
     D:4: 695 daAuts
  Bailey: 308 daAuts
     D:7: 255 daAuts
    D:10: 62 daAuts
